[Event "ICC tourney 2481 (75 10)"]
[Site "Internet Chess Club"]
[Date "2021.03.28"]
[Round "6"]
[White "PU, LANDON:landonp"]
[Black "MEIYAPPAN, KAVYA:kavyameiyappan"]
[Result "0-1"]
[ICCResult "White resigns"]
[WhiteElo "1483"]
[BlackElo "1612"]
[Opening "Sicilian: Najdorf"]
[ECO "B90"]
[NIC "SI.14"]
[Time "19:02:17"]
[PlyCount "120"]
[TimeControl "4500+10"]

1. e4 c5 2. Nf3 d6 3. d4 cxd4 4. Nxd4 Nf6 5. Nc3 a6 6. f3 g6 7. Be3 Bg7 8.
Qd2 b5 9. a3 O-O 10. O-O-O Bb7 11. g4 Nc6 12. Nxc6 Bxc6 13. h4 h5 14. Bh3
a5 15. gxh5 Nxh5 16. Bg4 b4 17. Nb1 Qb8 18. c3 bxc3 19. Nxc3 Qb3 20. Bxh5
Bxe4 21. fxe4 Bxc3 22. bxc3 Rab8 23. Qc2 Qxa3+ 24. Kd2 Rb2 25. Bf3 Rc8 26.
Qxb2 Qxb2+ 27. Ke1 Qxc3+ 28. Ke2 Qb2+ 29. Bd2 Rc2 30. h5 a4 31. hxg6 fxg6
32. Ke3 Qb3+ 33. Ke2 Qb2 34. Ke3 e5 35. Rhg1 Qd4+ 36. Ke2 Kg7 37. Rg2 a3
38. Ke1 a2 39. Bh6+ Kxh6 40. Rxc2 Qxd1+ 41. Bxd1 a1=Q 42. Rd2 Qc3 43. Ke2
Qc4+ 44. Ke3 Qc3+ 45. Ke2 Qg3 46. Rxd6 Qg2+ 47. Ke3 Kg5 48. Rd5 Qg3+ 49.
Ke2 Qf4 50. Bc2 Kg4 51. Rd6 g5 52. Rd3 Qxe4+ 53. Kd2 Qb4+ 54. Ke2 Qe4+ 55.
Kd2 Qg2+ 56. Kc3 e4 57. Rd2 Qf3+ 58. Kb2 e3 59. Rd3 e2 60. Rxf3 Kxf3 {
White resigns } 0-1

[Event "ICC tourney 2481 (75 10)"]
[Site "Internet Chess Club"]
[Date "2021.03.28"]
[Round "6"]
[White "WU, JAYDEN:SparkyNinja"]
[Black "CAREY, MICHAEL P:xyzchessdude"]
[Result "1/2-1/2"]
[ICCResult "Game drawn because neither player has mating material"]
[WhiteElo "1679"]
[BlackElo "1953"]
[Opening "Sicilian: closed"]
[ECO "B24"]
[NIC "SI.44"]
[Time "19:02:23"]
[PlyCount "91"]
[TimeControl "4500+10"]

1. e4 c5 2. Nc3 Nc6 3. g3 g6 4. Bg2 Bg7 5. Nge2 Rb8 6. d3 b5 7. O-O b4 8.
Nd5 e6 9. Ne3 Nge7 10. f4 Nd4 11. g4 f5 12. Ng3 fxe4 13. dxe4 Bb7 14. g5
O-O 15. Qg4 Rf7 16. f5 exf5 17. exf5 Bxg2 18. Kxg2 Ndxf5 19. Nexf5 Nxf5 20.
Nxf5 gxf5 21. Rxf5 Rxf5 22. Qxf5 Qe7 23. Qd5+ Kh8 24. Bf4 Qe2+ 25. Kg3 Rg8
26. Qxc5 Bxb2 27. Rb1 Bc3 28. Qe3 Re8 29. Qxe2 Rxe2 30. Rc1 Bd2 31. Bxd2
Rxd2 32. h4 h6 33. gxh6 Kh7 34. a3 a5 35. axb4 axb4 36. Rb1 Rd4 37. Kf3
Kxh6 38. Ke2 Kh5 39. Rd1 Rc4 40. Rxd7 Rxc2+ 41. Kd3 Rc3+ 42. Kd4 Kxh4 43.
Rb7 Rg3 44. Rxb4 Rg4+ 45. Kc5 Rxb4 46. Kxb4 { Game drawn because neither
player has mating material } 1/2-1/2

[Event "ICC tourney 2481 (75 10)"]
[Site "Internet Chess Club"]
[Date "2021.03.28"]
[Round "6"]
[White "Ghosh, Dipankar:Dipankar007"]
[Black "YAN, NATHAN:Natey"]
[Result "0-1"]
[ICCResult "White resigns"]
[WhiteElo "1850"]
[BlackElo "1868"]
[Opening "Evans gambit"]
[ECO "C52"]
[NIC "IG.05"]
[Time "19:02:19"]
[PlyCount "114"]
[TimeControl "4500+10"]

1. e4 e5 2. Nf3 Nc6 3. Bc4 Bc5 4. b4 Bxb4 5. c3 Ba5 6. d4 exd4 7. Qb3 Qe7
8. O-O Bb6 9. Ba3 d6 10. cxd4 Nxd4 11. Nxd4 Bxd4 12. Nc3 Nf6 13. Rad1 Bxc3
14. Qxc3 O-O 15. e5 Ne4 16. exd6 cxd6 17. Qe3 Re8 18. Rfe1 Qd8 19. Bxd6
Nxd6 20. Rxd6 Bd7 21. Qd2 Rxe1+ 22. Qxe1 Qc7 23. Qe7 Qxc4 24. Qxd7 Rf8 25.
a4 a6 26. g3 Qc8 27. Qxc8 Rxc8 28. Rd7 Rb8 29. a5 g6 30. Kf1 b6 31. axb6
Rxb6 32. Ra7 Kg7 33. Ke2 Kf6 34. h4 h5 35. Ke3 Rb3+ 36. Kf4 Rb4+ 37. Ke3
Ra4 38. Kf3 Ke6 39. Ke3 f6 40. f3 Kf5 41. Rh7 Ra3+ 42. Ke2 Ra2+ 43. Kf1 a5
44. Rh6 a4 45. g4+ Kf4 46. gxh5 Kxf3 47. Kg1 Rg2+ 48. Kh1 a3 49. Rh8 gxh5
50. Rxh5 a2 51. Ra5 Rb2 52. Ra3+ Kg4 53. Ra4+ Kh5 54. Ra5+ Kh6 55. h5 Rb1+
56. Kh2 a1=Q 57. Rxa1 Rxa1 { White resigns } 0-1

[Event "ICC tourney 2481 (75 10)"]
[Site "Internet Chess Club"]
[Date "2021.03.28"]
[Round "6"]
[White "Nesham, William Joseph:FireFox95"]
[Black "Bian, Erin:funpawn"]
[Result "1-0"]
[ICCResult "Black checkmated"]
[WhiteElo "1990"]
[BlackElo "1812"]
[Opening "Giuoco Piano"]
[ECO "C54"]
[NIC "IG.02"]
[Time "19:02:31"]
[PlyCount "183"]
[TimeControl "4500+10"]

1. e4 e5 2. Nf3 Nc6 3. Bc4 Bc5 4. c3 Nf6 5. d3 O-O 6. b4 Bb6 7. O-O d6 8.
a4 a5 9. b5 Ne7 10. Qe2 Ng6 11. h3 c6 12. Be3 Bxe3 13. fxe3 h6 14. Qf2 d5
15. exd5 cxd5 16. Bb3 Be6 17. Nbd2 Rc8 18. Rac1 Qd6 19. Rfd1 Rfd8 20. c4
dxc4 21. Bxc4 b6 22. Bxe6 Qxe6 23. Nc4 Rc5 24. Qe2 Rcd5 25. Ne1 e4 26. Kh2
Kh7 27. d4 R5d7 28. g3 Nd5 29. Ng2 f6 30. Rf1 Rc7 31. Nd2 Rdc8 32. Rxc7
Rxc7 33. Qh5 Rc2 34. Rf2 Rc3 35. Nf1 Ra3 36. Qd1 Rd3 37. Qh5 Nc3 38. Rf4
Nxf4 39. Nxf4 Qd7 40. Qg6+ Kg8 41. Nxd3 exd3 42. Qxd3 Nd5 43. e4 Nb4 44.
Qc4+ Kh7 45. Ne3 Qe7 46. d5 Qe5 47. h4 Qb2+ 48. Kh3 Qe5 49. Ng2 g5 50. h5
Qe8 51. g4 Qe5 52. d6 Qxd6 53. Qf7+ Kh8 54. Qe8+ Kg7 55. Qg6+ Kf8 56. Qxh6+
Ke7 57. Qg7+ Ke6 58. Qg8+ Ke5 59. Qe8+ Qe6 60. Qxe6+ Kxe6 61. Ne3 Na2 62.
Nd5 Kf7 63. Nxb6 Nc3 64. Nc4 Nxa4 65. Nxa5 Nb6 66. Nc6 Nc4 67. Nd4 Kg7 68.
Nf5+ Kf7 69. Kg3 Nd2 70. Nd6+ Ke6 71. h6 Kxd6 72. h7 Nxe4+ 73. Kg2 Kc5 74.
h8=Q Kxb5 75. Qe8+ Kc5 76. Qxe4 Kd6 77. Kf3 Kd7 78. Ke3 Kd6 79. Kd4 Kd7 80.
Kd5 Kc7 81. Qe6 Kb7 82. Qxf6 Kc7 83. Ke4 Kd7 84. Kf5 Kc7 85. Kxg5 Kd7 86.
Kf5 Kc7 87. g5 Kd7 88. g6 Kc7 89. g7 Kd7 90. g8=Q Kc7 91. Qgg7+ Kc8 92.
Qff8# { Black checkmated } 1-0

[Event "ICC tourney 2481 (75 10)"]
[Site "Internet Chess Club"]
[Date "2021.03.28"]
[Round "6"]
[White "WELLS, KENNETH S:Shoshonte"]
[Black "Kashyap, Mahati B:mnm1"]
[Result "1/2-1/2"]
[ICCResult "Game drawn because neither player has mating material"]
[WhiteElo "1626"]
[BlackElo "1515"]
[Opening "Sicilian: Richter-Rauzer, Rauzer attack, 7...Be7"]
[ECO "B63"]
[NIC "SI.27"]
[Time "19:02:30"]
[PlyCount "151"]
[TimeControl "4500+10"]

1. e4 c5 2. Nf3 d6 3. d4 cxd4 4. Nxd4 Nf6 5. Nc3 Nc6 6. Bg5 e6 7. Qd2 Be7
8. Nxc6 bxc6 9. O-O-O d5 10. e5 Nd7 11. Bxe7 Qxe7 12. f4 Rb8 13. Ne2 O-O
14. Nd4 Qc5 15. g4 Qb6 16. c3 a6 17. Bd3 c5 18. Nf3 c4 19. Bb1 Nc5 20. h4
Na4 21. Rh2 Bd7 22. f5 Rb7 23. f6 h6 24. Rg1 Rfb8 25. Rgg2 Nxb2 26. Bc2
Nd3+ 27. Kd1 Qa5 28. Bxd3 cxd3 29. Qxd3 Rb1+ 30. Kd2 R8b2+ 31. Ke3 Qxa2 32.
Rxb2 Rxb2 33. Rxb2 Qxb2 34. Nd4 a5 35. c4 Qc1+ 36. Kf3 dxc4 37. Qe4 Qh1+
38. Ke3 Qxe4+ 39. Kxe4 Ba4 40. g5 hxg5 41. hxg5 gxf6 42. gxf6 Bb3 43. Nb5
a4 44. Kd4 Kh7 45. Kc5 Kg6 46. Kd6 Kh7 47. Kc5 Kh6 48. Kd6 Bc2 49. Kc5 Bd3
50. Kb4 Kg5 51. Nd6 Bg6 52. Kxc4 a3 53. Kb3 Kf4 54. Nc4 Bd3 55. Nd6 Bg6 56.
Nc4 Ke4 57. Kxa3 Kd4 58. Kb4 Kd5 59. Kc3 Bh5 60. Kb4 Be2 61. Nd6 Kxe5 62.
Nxf7+ Kxf6 63. Nd6 Ke5 64. Nf7+ Kd4 65. Ng5 e5 66. Kb3 Ke3 67. Kc3 Kf4 68.
Kd2 Bg4 69. Nf7 e4 70. Nd6 e3+ 71. Ke1 Be6 72. Nb5 Bc4 73. Nc3 Kf3 74. Nd1
e2 75. Nc3 Ke3 76. Nxe2 { Game drawn because neither player has mating
material } 1/2-1/2